 Dungeon Crawl Stone Soup version 0.28.0-47-ge53b351184 (webtiles) character file.

Game seed: 18332436907841298992

748 NinjaNoafa the Skirmisher (level 7, 0/93 HPs)
             Began as an Ogre Berserker on Apr 28, 2022.
             Was a Priest of Trog.
             Succumbed to a scorpion's poison
             ... on level 5 of the Dungeon.
             The game lasted 00:09:00 (4107 turns).

NinjaNoafa the Skirmisher (Ogre Berserker)          Turns: 4107, Time: 00:09:01

Health: 0/93       AC:  4    Str: 23 (24) XL:     7   Next: 77%
Magic:  2/2        EV: 18    Int:  8      God:    Trog [***...]
Gold:   167        SH:  0    Dex:  7 (8)  Spells: 6/6 levels left

rFire   . . .      SeeInvis .   b - +2 dagger (antimagic)
rCold   . . .      Faith    .   (no shield)
rNeg    . . .      Spirit   .   w - +1 robe
rPois   .          Reflect  .   (helmet restricted)
rElec   .          Harm     .   (no cloak)
rCorr   .          Rampage  .   (gloves unavailable)
Will    .....                   (boots unavailable)
Stlth   +.........              (no amulet)
HPRegen 0.25/turn               c - +4 ring of evasion
MPRegen 0.08/turn               q - +4 ring of evasion

@: lethally poisoned (0 -> -8)
A: large, unfitting armour, tough skin 1, horns 1, robust 2, no potion heal 1
a: Renounce Religion, Berserk, Trog's Hand


You were on level 5 of the Dungeon.
You worshipped Trog.
Trog was most pleased with you.
You visited 1 branch of the dungeon, and saw 5 of its levels.

You collected 167 gold pieces.

Inventory:

Hand Weapons
 a - a +0 hand axe
 b - a +2 antimagic dagger (weapon)
Missiles
 i - 4 boomerangs
 j - 4 javelins
 l - an atropa-tipped dart (quivered)
 t - 2 large rocks
 u - 6 poisoned darts
Armour
 w - a +1 robe (worn)
Jewellery
 c - a +4 ring of evasion (left hand)
 q - a +4 ring of evasion (right hand)
Scrolls
 x - a scroll of magic mapping
Potions
 h - a potion of curing
 r - a potion of brilliance


   Skills:
 + Level 7.2 Fighting
 * Level 3.1 Short Blades
 - Level 4.1 Axes
 - Level 3.0 Throwing
 + Level 4.4 Dodging


You had 6 spell levels left.
You didn't know any spells.
Your spell library was empty.

Dungeon Overview and Level Annotations

Branches:
Dungeon (5/15)
 Temple: D:4-7

Altars:
Cheibriados

Shops:
D:2 (   D:3 (


Innate Abilities, Weirdness & Mutations

You are too large for most types of armour.
You have tough skin. (AC +1)
You have a pair of small horns on your head.
You are very robust. (+20% HP)
Potions are less effective at restoring your health.


Message History

The orc priest mumbles some strange prayers to Beogh against you.
Beogh smites you!
* * * LOW HITPOINT WARNING * * *
The orc priest looks satisfied for a moment.
The orc priest invokes the aid of Beogh against you.
You struggle to resist.
You hit the orc priest but do no damage.
The orc priest is moderately wounded.
The orc priest looks satisfied for a moment.
You hit the orc priest but do no damage.
The orc priest is moderately wounded.
The orc priest calls upon Beogh to heal the orc priest.
The orc priest's wounds heal themselves!
You hit the orc priest but do no damage.
Your headbutt misses the orc priest. The orc priest closely misses you.
You hit the orc priest but do no damage.
The orc priest completely misses you.
You barely miss the orc priest. The orc priest misses you.
You barely miss the orc priest.
The orc priest hits you with a +0 hand axe.
* * * LOW HITPOINT WARNING * * *
Okay, then.
The orc priest mumbles some strange prayers to Beogh against you.
Pain shoots through your body!
* * * LOW HITPOINT WARNING * * *
A scorpion comes into view.
You hit the scorpion.
You headbutt the scorpion, but do no damage.
The scorpion is lightly wounded.
The scorpion stings you but does no damage.
You closely miss the scorpion.
The scorpion is lightly wounded.
The scorpion stings you.
* * * LOW HITPOINT WARNING * * *
You are lethally poisoned!
The scorpion poisons you!
You closely miss the scorpion. Your headbutt misses the scorpion.
You punch the scorpion, but do no damage.
The scorpion is lightly wounded.
You die...

...###O##
#.#..#.# ##.
..# #......#
# ## #####.##
######..#.#
#....#....#
#.##.#...##
##.#....#.#
#....##.#.+
#.o@......#
#o##s##.#.##
#.#..<#.#..#
#.#####.##.#
#o#####O##.##
#...oon.....#
#########...#
##...#
.......


You could see a scorpion and 2 orc priests.

Vanquished Creatures
  Sigmund (D:3)
  Edmund (D:5)
  A hornet zombie (D:5)
  An ogre (D:5)
  A kobold brigand (D:3)
  A jelly (D:4)
  A hound (D:5)
  2 iguanas (D:5)
  4 adders
  3 worms (D:2)
  3 dart slugs
  3 orcs (D:3)
  5 endoplasms
  5 giant cockroaches
  7 goblins
  6 hobgoblins
  14 jackals
  3 quokkas
  6 ball pythons
  A bat (D:1)
  4 frilled lizards
  7 kobolds
  10 rats
90 creatures vanquished.

Notes
Turn   | Place    | Note
-------+----------+-------------------------------------------
     0 | D:1      | NinjaNoafa the Ogre Berserker began the quest for the Orb.
     0 | D:1      | Reached XP level 1. HP: 24/24 MP: 1/1
   132 | D:1      | Reached XP level 2. HP: 31/33 MP: 2/2
   379 | D:1      | Reached XP level 3. HP: 40/40 MP: 3/3
   496 | D:1      | Reached ** piety under Trog
   569 | D:1      | Found a faded altar of an unknown god.
   712 | D:1      | Reached skill level 5 in Fighting
  1353 | D:2      | Reached skill level 1 in Throwing
  1595 | D:2      | Reached XP level 4. HP: 50/50 MP: 4/4
  1985 | D:2      | Found Conun's Antique Weapon Boutique.
  2045 | D:3      | Found Qevi's Weapon Shoppe.
  2160 | D:3      | Noticed a kobold brigand
  2242 | D:3      | Killed a kobold brigand
  2243 | D:3      | Reached XP level 5. HP: 57/57 MP: 5/5
  2261 | D:3      | Reached *** piety under Trog
  2612 | D:3      | Noticed Sigmund
  2625 | D:3      | Killed Sigmund
  2626 | D:3      | Reached skill level 6 in Fighting
  2626 | D:3      | Reached XP level 6. HP: 60/67 MP: 6/6
  2882 | D:3      | Found a snail-covered altar of Cheibriados.
  3114 | D:4      | Noticed Edmund
  3169 | D:4      | Gained mutation: Potions are less effective at restoring
                  | your health. [potion of mutation]
  3169 | D:4      | Gained mutation: You are robust. (+10% HP) [potion of
                  | mutation]
  3169 | D:4      | Gained mutation: You have a pair of small horns on your
                  | head. [potion of mutation]
  3169 | D:4      | Gained mutation: You are very robust. (+20% HP) [potion of
                  | mutation]
  3532 | D:4      | Reached skill level 1 in Short Blades
  3591 | D:5      | Entered Level 5 of the Dungeon
  3634 | D:5      | HP: 6/121 [Edmund/+1 flail of holy wrath (9)]
  3635 | D:5      | Killed Edmund
  3636 | D:5      | Reached XP level 7. HP: 8/91 MP: 7/7
  3641 | D:5      | Reached skill level 7 in Fighting
  4099 | D:5      | HP: 4/93 [orc priest/nerve-wracking pain (12)]
  4106 | D:5      | HP: 2/93 [scorpion (4)]
  4107 | D:5      | Succumbed to a scorpion's poison

Illustrated notes

Levels and vault maps discovered:
D:1:      lightli_arrival_statue_moat, layout_loops_corners,
          hellmonk_ecumenical_altar_lost_god, minmay_strange_pillars,
          nicolae_figureground_pulse
D:2:      layout_basic, serial_shops, shop
D:3:      minmay_general_purpose_star, layout_loops_cross,
          mainiacjoe_overflow_concentric_impassable, serial_shops,
          nicolae_shop_crystal, uniq_sigmund
D:4:      layout_rooms, kennysheep_mini_moat, nrook_mini_vaults, uniq_grinder,
          uniq_edmund
D:5:      layout_basic, minmay_divided_ellipse

Skill      XL: |  1  2  3  4  5  6  7 |
---------------+----------------------+-----
Dodging        | 3 4 |  4.4
Fighting       | 5 6 7 |  7.2
Throwing       | 1 2 3 |  3.0
Axes           | 4 |  4.1
Short Blades   | 2 3 |  3.1

Action                   |  1- 3 |  4- 6 |  7- 9 || total
-------------------------+-------+-------+-------++-------
Melee: Hand axe          |   103 |    86 |    19 ||   208
       Punch             |     1 |     1 |     1 ||     3
       Dagger            |       |    59 |    28 ||    87
       Headbutt          |       |     7 |     7 ||    14
Throw: Large rock        |    14 |    11 |       ||    25
       Boomerang         |     6 |    10 |       ||    16
       Javelin           |     5 |     4 |       ||     9
       Dart              |       |     6 |       ||     6
Invok: Berserk           |       |     1 |       ||     1
       Trog's Hand       |       |     1 |       ||     1
  Use: Potion            |       |    13 |     1 ||    14
       Scroll            |       |     7 |       ||     7
 Stab: Sleeping          |     1 |       |       ||     1
Armor: Animal skin       |    26 |     8 |       ||    34
       Robe              |       |     6 |     5 ||    11
Dodge: Dodged            |    80 |   205 |    34 ||   319
